 Dungeon Crawl Stone Soup version 0.27.1-33-g824d729ab1 (webtiles) character file.

Game seed: 8055962624412314900

1365 bearlyready the Scholar of Death (level 8, -9/60 HPs)
             Began as a Demonspawn Necromancer on Nov 24, 2021.
             Was a Follower of Kikubaaqudgha.
             Mangled by a wraith (12 damage)
             ... on level 6 of the Dungeon.
             The game lasted 00:12:52 (7161 turns).

bearlyready the Scholar of Death (DsNe)             Turns: 7161, Time: 00:12:52

Health: -9/60      AC:  6    Str:  9    XL:     8   Next: 38%
Magic:  7/11       EV: 10    Int: 18    God:    Kikubaaqudgha [*.....]
Gold:   171        SH:  0    Dex: 14    Spells: 0/11 levels left

rFire    . . .     SeeInvis .   p - +0 trident
rCold    . . .     Faith    .   (no shield)
rNeg     . . .     Spirit   .   c - +0 ring mail
rPois    +         Reflect  .   (no helmet)
rElec    .         Harm     .   (no cloak)
rCorr    +         Rampage  .   o - +0 pair of gloves
Will     .....                  (no boots)
Stlth    +.........             (no amulet)
HPRegen  0.20/turn              e - ring of poison resistance
MPRegen  0.12/turn              s - ring of resist corrosion

@: slowed, very slow
A: talons 2, ignite blood 1, powered by pain 2
a: Renounce Religion, Receive Corpses


You were on level 6 of the Dungeon.
You worshipped Kikubaaqudgha.
Kikubaaqudgha was aware of your devotion.
You visited 1 branch of the dungeon, and saw 5 of its levels.

You collected 171 gold pieces.

Inventory:

Hand Weapons
 b - a +0 flail
 k - a +0 whip
 n - a +0 club
 p - a +0 trident (weapon)
Missiles
 j - 31 poisoned darts (quivered)
 y - 3 boomerangs
 z - 7 datura-tipped darts
Armour
 a - a +0 robe
 c - a +0 ring mail (worn)
 o - a +0 pair of gloves (worn)
 C - a +2 pair of boots
Magical Staves
 d - a staff of poison
Jewellery
 e - a ring of poison resistance (left hand)
 s - a ring of resist corrosion (right hand)
 t - a ring of ice
 B - a ring of magical power
Wands
 x - a wand of digging (5)
 A - a wand of polymorph (5)
Scrolls
 f - 5 scrolls of teleportation {unknown}
 g - a scroll of acquirement {unknown}
 h - a scroll of summoning {unknown}
 i - 3 scrolls of blinking {unknown}
 m - a scroll of enchant weapon {unknown}
 r - 2 scrolls of identify {unknown}
 w - 2 scrolls of immolation {unknown}
Potions
 l - 2 potions of attraction {unknown}
 q - a potion of mutation {unknown}
 u - 2 potions of berserk rage {unknown}


   Skills:
 - Level 4.0 Fighting
 + Level 5.0 Polearms
 - Level 1.7 Dodging
 - Level 1.7 Stealth
 + Level 2.0 Spellcasting
 + Level 9.1 Necromancy
 + Level 0.2 Air Magic


You couldn't memorise any spells.
You knew the following spells:

 Your Spells              Type           Power      Damage    Failure   Level
a - Pain                  Necr           100%       1d9       1%          1
b - Animate Skeleton      Necr           68%        N/A       1%          1
c - Vampiric Draining     Necr           17%        2d8       3%          3
d - Corpse Rot            Necr/Air       N/A        N/A       11%         2
e - Animate Dead          Necr           17%        N/A       12%         4

Your spell library contained the following spells:

 Spells                   Type           Power      Damage    Failure   Level
 Sublimation of Blood     Necr           17%        N/A       1%          2
 Agony                    Necr           34%        N/A       32%         5
 Malign Gateway           Summ/Tloc      0%         N/A       100%        7
 Summon Horrible Things   Summ           0%         N/A       100%        8


Dungeon Overview and Level Annotations

Branches:
Dungeon (6/15)             Temple (0/1) D:5

Altars:
Kikubaaqudgha
Makhleb
Qazlal
The Shining One


Innate Abilities, Weirdness & Mutations

You have razor-sharp toenails.
Your demonic aura sometimes causes spilled blood to erupt in flames.
You sometimes gain power by taking damage.


Message History

Your gnoll sergeant zombie hits the wraith but does no damage.
The wraith hits you.
* * * LOW HITPOINT WARNING * * *
The wraith drains your vigour!
You feel as though you will be slow longer.
Your gnoll sergeant zombie barely misses the wraith.
You completely miss the wraith.
The wraith is heavily damaged.
The wraith closely misses you.
Your gnoll sergeant zombie hits the wraith but does no damage.
The wraith hits you but does no damage.
You hit the wraith.
The wraith is severely damaged.
The wraith hits you.
* * * LOW HITPOINT WARNING * * *
The wraith drains your vigour!
You feel as though you will be slow longer.
Your gnoll sergeant zombie hits the wraith.
Your ring mail prevents you from hitting the wraith.
You claw the wraith.
The wraith is almost destroyed.
The wraith completely misses you.
Your gnoll sergeant zombie hits the wraith but does no damage.
The wraith hits your gnoll sergeant zombie!
The wraith drains your gnoll sergeant zombie's vigour!
Your gnoll sergeant zombie seems to slow down.
You strike the helpless wraith from behind!
You hit the wraith but do no damage.
The wraith is severely damaged.
The wraith hits you!
* * * LOW HITPOINT WARNING * * *
The wraith drains your vigour!
You feel as though you will be slow longer.
Your gnoll sergeant zombie hits the wraith but does no damage.
You closely miss the wraith. Your kick misses the wraith.
The wraith is severely damaged.
The wraith is engulfed in blazing flames.
The wraith hits you!
You die...
Kikubaaqudgha rasps: "You have failed me!
Welcome... death!"

# #.# #.##.# #........ # .
#.###.##.#####..###... ..#.
#..........<....# #... #...##
######.#.......## #... .....$####
#.#.#####.# #... .........#
#.#.#####.######. #...#.##
##.#........).....
#......#####........#.#####..
#....#....ZW@.........# #....
#.........####....[...######....
#.......................รท.....#.
#.........####........###.......
####...#### ##.......# #.##..#.
#... #.>.....# #.##.#.. #...
######### #....... ... #.#..#..
#..#....


You could see a wraith (ally target) and a friendly gnoll sergeant zombie
(slow).

Vanquished Creatures
  Pikel (D:4)
  A necrophage (D:4)
  2 ogres
  A phantom (D:4)
  3 lemures (D:4)
  A kobold brigand (D:6)
  A scorpion (D:4)
  A jelly (D:4)
  A hound (D:6)
  3 orc wizards
  A killer bee zombie (D:5)
  A hound zombie (D:5)
  A hound skeleton (D:4)
  A howler monkey zombie (D:6)
  4 adders
  A white imp (D:5)
  An adder skeleton (D:5)
  A worm (D:2)
  3 dart slugs
  7 orcs
  3 ball pythons
  5 bats
  6 endoplasms
  5 giant cockroaches
  7 hobgoblins
  4 jackals (D:2)
  3 quokkas (D:1)
  4 frilled lizards
  5 goblins
  9 kobolds
  4 rats
91 creatures vanquished.

Vanquished Creatures (collateral kills)
  A necrophage (D:4)
1 creature vanquished.

Grand Total: 92 creatures vanquished

Notes
Turn   | Place    | Note
-------+----------+-------------------------------------------
     0 | D:1      | bearlyready the Demonspawn Necromancer began the quest for
                  | the Orb.
     0 | D:1      | Reached XP level 1. HP: 13/13 MP: 3/3
   420 | D:1      | Gained mutation: Your demonic aura sometimes causes spilled
                  | blood to erupt in flames. [demonic ancestry]
   420 | D:1      | Reached XP level 2. HP: 5/19 MP: 1/5
   689 | D:1      | Reached skill level 5 in Necromancy
  1809 | D:1      | Gained mutation: You have sharp toenails. [demonic
                  | ancestry]
  1809 | D:1      | Reached XP level 3. HP: 17/24 MP: 6/6
  2049 | D:1      | Learned a level 1 spell: Animate Skeleton
  2053 | D:1      | Learned a level 3 spell: Vampiric Draining
  2462 | D:2      | Reached skill level 1 in Fighting
  2705 | D:2      | You fall into a shaft and drop 2 floors!
  2902 | D:4      | Reached XP level 4. HP: 26/33 MP: 7/7
  3039 | D:4      | Noticed a necrophage
  3059 | D:4      | Killed a necrophage
  3060 | D:4      | Reached skill level 6 in Necromancy
  3060 | D:4      | Gained mutation: You sometimes gain a little power by
                  | taking damage. [demonic ancestry]
  3060 | D:4      | Reached XP level 5. HP: 36/39 MP: 8/8
  3141 | D:4      | Found an ancient bone altar of Kikubaaqudgha.
  3213 | D:4      | Found a burning altar of Makhleb.
  3276 | D:4      | Became a worshipper of Kikubaaqudgha
  3539 | D:4      | Gained mutation: You sometimes gain power by taking damage.
                  | [demonic ancestry]
  3539 | D:4      | Reached XP level 6. HP: 27/47 MP: 0/9
  3765 | D:4      | Reached skill level 1 in Polearms
  4236 | D:4      | Reached skill level 7 in Necromancy
  4560 | D:5      | Entered Level 5 of the Dungeon
  4686 | D:5      | Noticed Pikel
  5761 | D:4      | Killed Pikel
  5762 | D:4      | Reached skill level 8 in Necromancy
  5762 | D:4      | Gained mutation: You have razor-sharp toenails. [demonic
                  | ancestry]
  5762 | D:4      | Reached XP level 7. HP: 50/54 MP: 6/10
  5762 | D:4      | Reached XP level 8. HP: 56/60 MP: 6/11
  5835 | D:5      | Found a staircase to the Ecumenical Temple.
  5889 | D:5      | Reached * piety under Kikubaaqudgha
  5889 | D:5      | Received a gift from Kikubaaqudgha
  6440 | D:6      | Reached skill level 9 in Necromancy
  6709 | D:6      | Reached skill level 5 in Polearms
  6860 | D:6      | Learned a level 2 spell: Corpse Rot
  6865 | D:6      | Learned a level 4 spell: Animate Dead
  6980 | D:6      | Found a stormy altar of Qazlal.
  6985 | D:6      | Noticed an air elemental
  7160 | D:6      | HP: 3/60 [wraith (9)]
  7161 | D:6      | Mangled by a wraith

Illustrated notes

Levels and vault maps discovered:
D:1:      dpeg_arrival_prison, layout_loops_corners,
          hangedman_decor_diamond_cutter, minmay_crystal_water,
          hangedman_decor_opposing
D:2:      layout_rooms
D:4:      layout_gridville, mainiacjoe_overflow_surrounded_room,
          gammafunk_temple_overflow_wave
D:5:      layout_cave_pools, temple_statues, uniq_pikel
D:6:      layout_loops_ring, nicolae_qazlal_style_of_elements,
          hangedman_abyss_or_decor_lesser_grid

Skill      XL: |  1  2  3  4  5  6  7  8 |
---------------+-------------------------+-----
Necromancy     | 5 6 8 9 |  9.1
Fighting       | 1 2 3 4 |  4.0
Polearms       | 4 5 |  5.0
Dodging        | |  1.7
Stealth        | |  1.7
Spellcasting   | |  2.0
Air Magic      | |  0.2

Action                   |  1- 3 |  4- 6 |  7- 9 || total
-------------------------+-------+-------+-------++-------
Melee: Unarmed           |    28 |       |       ||    28
       Flail             |   138 |       |       ||   138
       Kick              |    12 |    36 |    25 ||    73
       Trident           |       |   179 |   119 ||   298
Throw: Dart              |       |    21 |       ||    21
 Cast: Pain              |    23 |     2 |       ||    25
       Animate Skeleton  |       |     2 |       ||     2
       Vampiric Draining |       |     5 |     3 ||     8
       Animate Dead      |       |       |     1 ||     1
Invok: Receive Corpses   |       |       |     1 ||     1
  Use: Potion            |       |     2 |     1 ||     3
 Stab: Sleeping          |     2 |       |     1 ||     3
       Distracted        |       |       |     1 ||     1
Armor: Robe              |    15 |       |       ||    15
       Ring mail         |    68 |    45 |    44 ||   157
       Skin              |       |    27 |       ||    27
Dodge: Dodged            |   125 |    91 |    60 ||   276
